Map: Newkirk Precinct TE (Void)

Players

Railgan

  • Race: Zerg Zerg
  • League: Grandmaster
  • Spawn Location: 7:00

Denver - Winner!

  • Race: Zerg Zerg
  • League: Master
  • Spawn Location: 5:00

VOD

Have the link to the VOD?

Description

Time

  • Played on: March 12, 2017, 6:39 p.m.
  • Length: 9:18
Show
View Real Time Build Order
Export as new Build Order

Railgan Zerg 

Build Orders: Hatch First, Lurkers 

Get SALT Encoding   

  12  0:01  Drone  
  13  0:13  Overlord  
  13  0:18  Drone  
  14  0:31  Drone x2  
  14  0:35  Drone  
  17  0:45  Drone  
  18  0:57  Hatchery  
  18  0:59  Drone  
  18  1:00  Extractor  
  17  1:14  Spawning Pool  
  17  1:17  Drone  
  17  1:20  Drone  
  18  1:28  Drone  
  19  1:39  Overlord  
  19  1:53  Drone  
  20  2:00  Queen  
  22  2:01  Zergling x2  
  22  2:07  Baneling Nest  
  22  2:10  Queen  
  22  2:12  Zergling x2  
  22  2:14  Drone  
  26  2:20  Drone  
  27  2:27  Drone  
  28  2:31  Metabolic Boost  
  28  2:32  Drone  
  28  2:33  Drone  
  30  2:38  Queen  
  30  2:42  Zergling x2  
  33  2:47  Overlord  
  33  2:52  Drone  
  33  2:57  Drone  
  35  3:03  Drone  
  36  3:07  Drone  
  37  3:13  Drone x3  
  37  3:18  Lair  
  40  3:21  Extractor  
  40  3:22  Baneling  
  40  3:24  Drone x2, Zergling x2  
  42  3:31  Roach Warren  
  42  3:33  Zergling x2  
  42  3:35  Baneling  
  42  3:36  Zergling x2  
  42  3:39  Overlord  
  42  3:50  Baneling  
  42  3:53  Zergling x2  
  43  3:58  Drone  
  43  3:59  Drone x4  
  43  4:00  Overlord  
  48  4:02  Baneling  
  48  4:03  Baneling  
  48  4:07  Evolution Chamber  
  47  4:11  Roach  
  47  4:12  Drone x2  
  47  4:13  Overlord  
  51  4:18  Overlord  
  51  4:21  Extractor  
  50  4:28  Drone x3  
  50  4:30  Extractor  
  52  4:33  Hydralisk Den  
  51  4:41  Drone  
  51  4:42  Drone x2  
  51  4:45  Drone x3  
  57  4:53  Drone  
  57  4:56  Drone  
  57  4:59  Drone  
  60  5:02  Lurker Den  
  60  5:10  Zerg Missile Weapons Level 1, Hatchery  
  59  5:17  Zergling x4  
  59  5:24  Roach  
  59  5:25  Roach x2  
  59  5:26  Hydralisk x2  
  69  5:33  Overlord, Roach  
  69  5:34  Zergling x2  
  71  5:36  Zergling x2  
  70  5:45  Roach  
  70  5:46  Zergling x4  
  70  5:47  Hydralisk  
  74  5:56  Zergling x2  
  75  6:00  Zergling x2  
  75  6:03  Hydralisk  
  78  6:04  Zergling x4  
  78  6:06  Overlord  
  80  6:17  Zergling x4  
  82  6:23  Zergling x6  
  82  6:24  Zergling x2  
  86  6:27  Hydralisk  
  86  6:31  Hydralisk  
  90  6:33  Drone  
  90  6:34  Drone  
  92  6:40  Zergling x2  
  92  6:41  Muscular Augments  
  92  6:43  Lurker x4  
  92  6:45  Zergling x2  
  92  6:46  Overlord x2  
  97  6:52  Overlord  
  97  7:03  Queen  
  97  7:06  Drone x2  
  99  7:20  Hydralisk x5  
  99  7:21  Zergling x12  
  108  7:27  Drone x2  
  104  7:31  Hydralisk  
  104  7:36  Zergling x2  
  107  7:39  Hydralisk  
  107  7:42  Lurker  
  107  7:43  Lurker  
  107  7:44  Zergling x2  
  112  7:48  Zergling x2  
  112  7:49  Zergling x2  
  113  7:58  Overlord  
  113  8:00  Overlord  
  113  8:02  Lurker x2  
  113  8:03  Lurker x2  
  108  8:12  Zergling x16  
  77  8:20  Drone x2  
  77  8:21  Drone  
  74  8:31  Zergling x14  
  77  8:46  Drone x4  
Show
View Real Time Build Order
Export as new Build Order

Denver Zerg - Winner!

Build Orders: Hatch First 

Get SALT Encoding   

  12  0:03  Drone  
  13  0:14  Overlord  
  13  0:19  Drone  
  14  0:32  Drone x2  
  16  0:37  Drone  
  17  0:54  Hatchery  
  16  0:58  Drone  
  16  0:59  Extractor  
  16  1:03  Drone  
  17  1:17  Spawning Pool  
  16  1:21  Drone  
  16  1:25  Drone  
  18  1:31  Drone  
  19  1:41  Overlord  
  19  1:52  Drone  
  20  2:02  Drone  
  20  2:04  Metabolic Boost, Queen  
  23  2:10  Queen  
  23  2:14  Zergling x2  
  26  2:17  Drone  
  26  2:20  Drone  
  28  2:24  Drone  
  29  2:32  Drone  
  29  2:35  Zergling x2  
  31  2:46  Hatchery  
  30  2:51  Drone x2  
  30  2:56  Overlord  
  32  3:04  Roach Warren  
  32  3:05  Drone  
  32  3:08  Zergling x2  
  33  3:14  Overlord  
  33  3:17  Drone  
  33  3:18  Zergling x2  
  33  3:19  Zergling x2  
  36  3:24  Zergling x4  
  38  3:28  Drone  
  38  3:29  Drone  
  38  3:31  Drone  
  41  3:37  Drone x2  
  43  3:43  Queen  
  44  3:51  Drone x4  
  47  3:59  Evolution Chamber  
  47  4:00  Drone  
  47  4:01  Drone, Evolution Chamber  
  47  4:07  Drone  
  47  4:09  Drone x3  
  51  4:10  Drone  
  51  4:16  Drone  
  53  4:22  Overlord  
  53  4:25  Zerg Ground Armor Level 1, Drone x2  
  53  4:29  Zerg Melee Weapons Level 1  
  55  4:33  Overlord  
  52  4:39  Zergling x8  
  52  4:42  Drone x2  
  52  4:43  Drone  
  58  4:47  Lair  
  58  4:51  Zergling x6  
  61  4:53  Zergling x2  
  61  4:54  Zergling x2  
  61  4:57  Overlord  
  62  5:00  Zergling x2  
  62  5:01  Zergling x6  
  66  5:07  Extractor x2  
  66  5:08  Drone x3  
  67  5:20  Drone x6  
  67  5:21  Drone x2  
  75  5:26  Roach x3  
  81  5:33  Overlord  
  80  5:36  Roach  
  80  5:38  Overlord  
  77  5:46  Overlord  
  77  5:47  Glial Reconstitution  
  77  5:48  Extractor  
  73  5:50  Extractor  
  73  5:54  Roach x5  
  73  5:55  Drone  
  73  5:56  Drone x2  
  84  6:00  Drone x2  
  84  6:03  Drone x2  
  84  6:04  Drone  
  89  6:06  Baneling Nest  
  89  6:07  Extractor  
  89  6:08  Drone x3  
  89  6:09  Drone  
  91  6:15  Overlord  
  91  6:16  Drone  
  92  6:21  Roach  
  92  6:24  Zerg Missile Weapons Level 1  
  94  6:27  Zergling x4  
  94  6:32  Overlord x3  
  94  6:43  Drone x2  
  94  6:44  Spire  
  94  6:47  Zergling x6  
  95  6:48  Pneumatized Carapace  
  95  6:50  Hatchery  
  95  6:51  Drone x2  
  99  6:54  Ravager x4  
  99  6:56  Drone x4  
  106  7:02  Zergling x6  
  106  7:03  Zergling x8  
  113  7:12  Zergling x12  
  117  7:28  Zergling x2  
  117  7:29  Zergling x6  
  120  7:30  Overlord x2  
  120  7:32  Overlord  
  120  7:36  Overlord  
  120  7:38  Overlord  
  120  7:42  Overlord  
  120  7:44  Overseer x2  
  120  7:53  Overlord  
  120  8:06  Zergling x4  
  120  8:07  Zergling x28  
  120  8:11  Queen  
  120  8:12  Extractor, Overseer  
  134  8:13  Extractor  
  122  8:32  Mutalisk x4  
  122  8:33  Mutalisk x6  
  133  8:45  Zergling x2  
  133  8:46  Zergling x22  
  145  8:49  Drone  
Tags
 
Add a new tag
Caveats
  • Supply blocks, unpowered buildings, or Contaminate may cause inaccurate times.
  • Supply counts are checked every 10 seconds.